 Dungeon Crawl Stone Soup version 0.28.0-53-g5a82cb258f (webtiles) character file.

Game seed: 5477967921808907413

366 Jerry the Ducker (level 6, -4/43 HPs)
             Began as an Octopode Fighter on July 25, 2022.
             Was a Believer of Nemelex Xobeh.
             Slain by an ogre
             ... wielding a +0 giant club
              (26 damage)
             ... on level 4 of the Dungeon.
             The game lasted 00:12:32 (2906 turns).

Jerry the Ducker (Octopode Fighter)                 Turns: 2906, Time: 00:12:32

Health: -4/43      AC:  1    Str: 17    XL:     6   Next: 68%
Magic:  6/6        EV: 13    Int: 14    God:    Nemelex Xobeh [**....]
Gold:   60         SH: 13    Dex: 12    Spells: 5/5 levels left

rFire   x . .      SeeInvis .   a - +0 long sword
rCold   + + .      Faith    .   k - +3 buckler of the Solstice {rC+ rN+ Int+2}
rNeg    + . .      Spirit   .   (helmet restricted)
rPois   +          Reflect  +   e - amulet of reflection
rElec   .          Harm     .   d - ring of ice
rCorr   .          Rampage  .   f - ring of poison resistance
Will    .....                   (no ring)
Stlth   +++.......              (no ring)
HPRegen 0.14/turn               (no ring)
MPRegen 0.10/turn               (no ring)
                                (no ring)
                                (no ring)

@: no status effects
A: almost no armour, amphibious, 8 rings, camouflage 1, gelatinous body 1,
(nimble swimmer 1), tentacles, tentacle spike 1, clever 1
a: Renounce Religion, Draw Escape, Draw Destruction, Draw Summoning


You were on level 4 of the Dungeon.
You worshipped Nemelex Xobeh.
Nemelex Xobeh was pleased with you.
You visited 1 branch of the dungeon, and saw 4 of its levels.

You collected 86 gold pieces.
You spent 26 gold pieces at shops.

Inventory:

Hand Weapons
 a - a +0 long sword (weapon)
 h - a +0 short sword
Missiles
 l - 3 boomerangs (quivered)
Armour
 b - a +1 buckler
 k - the +3 buckler of the Solstice (worn) {rC+ rN+ Int+2}
   (You found it on level 3 of the Dungeon)

   Int:       It affects your intelligence (+2).
   rC:        It protects you from cold.
   rN:        It protects you from negative energy.
Jewellery
 d - a ring of ice (left tentacle)
 e - an amulet of reflection (around mantle)
 f - a ring of poison resistance (right tentacle)
Wands
 j - a wand of paralysis (9)
Potions
 c - a potion of might
 g - 2 potions of curing {unknown}
 i - a potion of heal wounds
 m - 2 potions of attraction {unknown}


   Skills:
 + Level 4.2 Fighting
 + Level 3.5 Long Blades
 + Level 4.2 Dodging
 + Level 3.5 Stealth
 + Level 4.2 Shields


You had 5 spell levels left.
You didn't know any spells.
Your spell library contained the following spells:

 Spells                   Type           Power      Damage    Failure   Level
 Slow                     Hex            0%         N/A       36%         1
 Confusing Touch          Hex            0%         N/A       73%         3
 Vampiric Draining        Necr           0%         2d6       73%         3


Dungeon Overview and Level Annotations

Branches:
Dungeon (4/15)
 Temple: D:4-7

Altars:
Nemelex Xobeh

Shops:
D:1 :?(!:


Innate Abilities, Weirdness & Mutations

You cannot wear most types of armour.
You are amphibious.
You can wear up to eight rings at the same time.
Your skin changes colour to match your surroundings (Stealth+).
Your rubbery body absorbs attacks. (AC +1, EV +1)
((You are camouflaged when in or above water. (Stealth+)))
You have tentacles for arms and can constrict up to eight enemies at once.
One of your tentacles bears a spike.
Your mind is acute. (Int +2)


Message History

You slash the ogre!
You pierce the ogre, but do no damage.
The ogre is heavily wounded.
The ogre hits you with a +0 giant spiked club!
You are too injured to fight recklessly!
You are too injured to fight recklessly!
You are too injured to fight recklessly!
You are too injured to fight recklessly!
You are too injured to fight recklessly!
You hit the ogre.
You pierce the ogre.
You squeeze the ogre.
You kill the ogre!
You see here a +0 giant spiked club.
Found a stone staircase leading down.
You open the door.
There is an open door here.
Found a short sword.
You see here a +0 short sword.
Found a stone staircase leading up.
An ogre comes into view. It is wielding a +0 giant club.
Found a smoky golden potion.
Found 12 bolts.
The ogre shouts!
You block the ogre's attack.
You hit the ogre.
Your tentacle spike misses the ogre.
Your squeeze misses the ogre.
The ogre is lightly wounded.
You block the ogre's attack.
You hit the ogre but do no damage.
Your tentacle spike misses the ogre.
The ogre is lightly wounded.
You barely miss the ogre.
The ogre is lightly wounded.
The ogre hits you with a +0 giant club!!
You are too injured to fight recklessly!
You are too injured to fight recklessly!
You are too injured to fight recklessly!
You closely miss the ogre. You squeeze the ogre.
The ogre is moderately wounded.
The ogre hits you with a +0 giant club!!
Ouch! That really hurt!
You die...
Your body glows slightly and disappears.

########..........#
#.......#.........#
#...<...#.........#
#.......#.........#
#.......#.........#.....#
#.......#####)##..#.....#
########.(..#.##..#...>.#
#....#.....#.....+
#.@..#.....#.....#
#.O..#.....#<....#
#....+.....#.....#
#..!.##..###.....##
#.....#..#####.....
#.....#......#.....
#.....+......'..)..
#.....#......#.....
#.....########.....


You could see an ogre.

Vanquished Creatures
  An ice beast (D:3)
  An ogre (D:4)
  A jelly (D:4)
  Jessica (D:3)
  Terence (D:3)
  Robin (D:3)
  A gnoll (D:1)
  3 adders
  A worm (D:2)
  An orc (D:3)
  2 ball pythons (D:2)
  8 endoplasms
  A giant cockroach (D:2)
  16 goblins
  4 hobgoblins
  2 jackals (D:3)
  A kobold (D:2)
  3 quokkas
  4 bats
  5 frilled lizards
  5 rats
63 creatures vanquished.

Notes
Turn   | Place    | Note
-------+----------+-------------------------------------------
     0 | D:1      | Jerry the Octopode Fighter began the quest for the Orb.
     0 | D:1      | Reached XP level 1. HP: 16/16 MP: 1/1
    41 | D:1      | Reached XP level 2. HP: 9/21 MP: 2/2
   223 | D:1      | Found Hyiteume's Distillery.
   484 | D:1      | Found a faded altar of an unknown god.
   504 | D:1      | Prayed at the altar of an unknown god.
   504 | D:1      | Became a worshipper of Nemelex Xobeh the Trickster
   504 | D:1      | Reached * piety under Nemelex Xobeh
   645 | D:1      | Found Nisamey's Book Emporium.
   731 | D:1      | Found Puzxuteo's Antique Weapon Shoppe.
   756 | D:1      | Found Lyntit's Magic Scroll Shop.
   764 | D:1      | Bought a scroll of identify for 26 gold pieces
   907 | D:1      | Found Gibracai's Book Boutique.
   960 | D:2      | Reached XP level 3. HP: 20/26 MP: 3/3
  1091 | D:2      | Received a gift from Nemelex Xobeh
  1136 | D:2      | Reached skill level 1 in Stealth
  1468 | D:2      | Reached ** piety under Nemelex Xobeh
  1515 | D:2      | Reached XP level 4. HP: 28/31 MP: 4/4
  1824 | D:3      | Gained mutation: You have hidden genetic potential. [potion
                  | of mutation]
  1930 | D:3      | Noticed Robin
  1946 | D:3      | Killed Robin
  2395 | D:3      | Noticed Terence
  2402 | D:3      | Killed Terence
  2403 | D:3      | Reached XP level 5. HP: 37/37 MP: 5/5
  2404 | D:3      | Noticed Jessica
  2406 | D:3      | Gained mutation: Your mind is acute. (Int +2) [hidden
                  | potential]
  2408 | D:3      | Killed Jessica
  2414 | D:3      | Noticed an ice beast
  2425 | D:3      | Killed an ice beast
  2426 | D:3      | Reached XP level 6. HP: 43/43 MP: 6/6
  2433 | D:3      | Gained mutation: One of your tentacles bears a spike.
                  | [hidden potential]
  2433 | D:3      | Lost mutation: You have hidden genetic potential. [hidden
                  | potential expressed]
  2625 | D:3      | Identified the +3 buckler of the Solstice {rC+ rN+ Int+2}
  2906 | D:4      | Slain by an ogre

Illustrated notes

Levels and vault maps discovered:
D:1:      minmay_arrival_loop, layout_basic, serial_shops,
          nicolae_lakefront_shop, shop, nicolae_shop_overgrown_old_shop,
          nicolae_shop_hallway_stairs, nicolae_shop_crystal,
          shapermc_ecumenical_altar_totnotflames
D:2:      wander_river, layout_basic, minmay_pentomino_z2
D:3:      layout_loops_ring, uniq_robin, uniq_jessica, uniq_terence
D:4:      layout_gridville

Skill      XL: |  1  2  3  4  5 |
---------------+----------------+-----
Stealth        | 1 2 3 |  3.5
Long Blades    | 3 |  3.5
Fighting       | 4 |  4.2
Dodging        | 4 |  4.2
Shields        | 4 |  4.2

Action                   |  1- 3 |  4- 6 || total
-------------------------+-------+-------++-------
Melee: Long sword        |    48 |    67 ||   115
       Constrict         |    13 |    15 ||    28
       Tentacles         |    11 |    14 ||    25
       Punch             |     1 |       ||     1
       Kick              |       |     3 ||     3
  Use: Scroll            |     4 |     2 ||     6
       Potion            |       |     1 ||     1
 Stab: Sleeping          |    11 |     5 ||    16
Armor: Skin              |     6 |     4 ||    10
Dodge: Dodged            |    20 |    25 ||    45
Block: Buckler           |    12 |    29 ||    41
